 Dungeon Crawl Stone Soup version 0.29.1-2-gbd0b4ee654 (webtiles) character file.

Game seed: 165211907624730563

1834 Descartes the Magician (level 8, -3/41 HPs)
             Began as a Deep Elf Fire Elementalist on Nov 1, 2022.
             Was an Initiate of Gozag.
             Slain by a wraith (11 damage)
             ... on level 6 of the Dungeon.
             The game lasted 00:21:38 (9705 turns).

Descartes the Magician (Deep Elf Fire Elementalist) Turns: 9705, Time: 00:21:40

Health: -3/41      AC:  6    Str: 10    XL:     8   Next: 87%
Magic:  12/20      EV: 13    Int: 23    God:    Gozag
Gold:   152        SH:  0    Dex: 13    Spells: 10/20 levels left

rFire   + . .      SeeInvis +   e - +0 falchion of the Seer {vamp, Fly Will+ Str+2}
rCold   + . .      Faith    .   (no shield)
rNeg    . . .      Spirit   .   n - +0 leather armour
rPois   .          Reflect  .   c - +0 helmet
rElec   .          Harm     .   F - +1 cloak {Stlth+}
rCorr   .          Rampage  .   (no gloves)
Will    +....                   (no boots)
Stlth   +++.......              (no amulet)
HPRegen 0.13/turn               B - ring "Gifeg" {Fire Str+3 SInv}
MPRegen 0.17/turn               H - ring of protection from cold

@: flying, slowed, very slow
A: clumsy 1, cold resistance 1, MP-powered wands
a: Renounce Religion, Potion Petition, Call Merchant, Bribe Branch


You were on level 6 of the Dungeon.
You worshipped Gozag.
Gozag was aware of your devotion.
You visited 2 branches of the dungeon, and saw 7 of its levels.

You collected 738 gold pieces.
You spent 497 gold pieces at shops.
You paid 89 gold pieces to Gozag.

Inventory:

Hand Weapons
 e - the +0 falchion of the Seer (weapon) {vamp, Fly Will+ Str+2}
   (You found it on level 6 of the Dungeon)

   It occasionally heals its wielder for a portion of the damage dealt when it
   wounds a living foe.
   Str:       It affects your strength (+2).
   Fly:       It grants you flight.
   Will:      It increases your willpower.
 E - a +2 quarterstaff of chaos
 N - the +2 dagger "Lorem Ipsum" {flame, rN+}
   (You bought it in a shop on level 1 of the Dungeon)

   It burns those it strikes, dealing additional fire damage.
   rN:        It protects you from negative energy.
Armour
 c - a +0 helmet (worn)
 n - a +0 leather armour (worn)
 u - a +0 buckler
 w - the +1 ring mail of Iceum {Rampage rC- Str+4 Dex+3}
   (You found it on level 3 of the Dungeon)

   Str:       It affects your strength (+4).
   Dex:       It affects your dexterity (+3).
   rC:        It makes you vulnerable to cold.
   Rampage:   It bestows one free step when moving towards enemies.
 F - a +1 cloak of stealth (worn)
Jewellery
 f - the amulet of Elemental Vulnerability {rPois rF-- rC-- AC+8}
   (You found it on level 6 of the Dungeon)

   [amulet of nothing]

   AC:        It affects your AC (+8).
   rF:        It makes you very vulnerable to fire.
   rC:        It makes you very vulnerable to cold.
   rPois:     It protects you from poison.
 B - the ring "Gifeg" (left hand) {Fire Str+3 SInv}
   (You found it on level 4 of the Dungeon)

   [ring of fire]

   It enhances your fire magic.
   Str:       It affects your strength (+3).
   rF:        It protects you from fire.
   rC:        It makes you vulnerable to cold.
   SInv:      It lets you see invisible.
 H - a ring of protection from cold (right hand)
 I - a +4 ring of evasion
 L - a ring of resist corrosion
Wands
 m - a wand of quicksilver (5)
 D - a wand of mindburst (6)
Scrolls
 a - a scroll of identify
 j - 2 scrolls of silence {unknown}
 k - 5 scrolls of enchant weapon
 l - 3 scrolls of enchant armour
 o - 2 scrolls of immolation
 q - a scroll of fear {unknown}
 r - a scroll of amnesia {unknown}
 x - 2 scrolls of butterflies
 y - 3 scrolls of blinking
 z - a scroll of brand weapon {unknown}
 A - a scroll of poison {unknown}
 J - 2 scrolls of teleportation
 K - 2 scrolls of magic mapping
 M - a scroll of noise {unknown}
Potions
 b - a potion of magic
 d - 11 potions of curing
 g - 3 potions of attraction
 h - 2 potions of cancellation
 i - 3 potions of heal wounds
 p - 3 potions of lignification
 s - a potion of might {unknown}
 v - a potion of haste {unknown}
 C - 2 potions of flight


   Skills:
 + Level 5.0 Dodging
 - Level 2.4 Stealth
 + Level 2.8 Shields
 + Level 6.8 Spellcasting
 + Level 5.1 Conjurations
 + Level 5.3 Hexes
 + Level 4.5 Translocations
 + Level 6.1 Fire Magic


You had 10 spell levels left.
You knew the following spells:

 Your Spells              Type           Power      Damage    Failure   Level
a - Foxfire               Conj/Fire      100%       2x1d9     1%          1
b - Scorch                Fire           100%       2d10      1%          2
c - Dazzling Flash        Conj/Hex       62%        N/A       3%          3
d - Iskenderun's Mystic   Conj/Tloc      30%        2d8       14%         4

Your spell library contained the following spells:

 Spells                   Type           Power      Damage    Failure   Level
 Conjure Flame            Conj/Fire      50%        6-21      3%          3
 Inner Flame              Hex/Fire       51%        N/A       3%          3
 Static Discharge         Conj/Air       19%        3-6/arc   5%          2
 Sandblast                Erth           14%        2d6       11%         1
 Stone Arrow              Conj/Erth      38%        3d9       11%         3
 Flame Wave               Conj/Fire      50%        2d12      11%         4
 Passwall                 Tmut/Erth      5%         N/A       16%         2
 Lightning Bolt           Conj/Air       9%         1d22      71%         5
 Starburst                Conj/Fire      25%        6d8       85%         6
 Maxwell's Capacitive Co  Air            3%         ∞         100%        8


Dungeon Overview and Level Annotations

Branches:
Dungeon (6/15)             Temple (1/1) D:5

Altars:
Ashenzari
Cheibriados
Dithmenos
Elyvilon
Fedhas
Gozag
Kikubaaqudgha
Makhleb
Nemelex Xobeh
Okawaru
Qazlal
Ru
Sif Muna
Trog
Uskayaw
Vehumet
Wu Jian
Xom
Yredelemnul
Zin
The Shining One

Shops:
D:1 *!(*


Innate Abilities, Weirdness & Mutations

You are clumsy. (Dex -2)
Your flesh is cold resistant. (rC+)
You expend magic power (3 MP) to strengthen your wands.


Message History

The foxfire hits the wraith.
The wraith is heavily damaged.
The wraith hits you. The wraith drains your vigour!
You feel yourself slow down.
The foxfire hits the wraith but does no damage.
The wraith is heavily damaged.
You hit the wraith but do no damage.
The wraith is heavily damaged.
The foxfire hits the wraith.
The wraith is heavily damaged.
The foxfire hits the wraith but does no damage.
The wraith is heavily damaged.
The wraith hits you! The wraith drains your vigour!
You feel as though you will be slow longer.
The wraith hits you! The wraith drains your vigour!
You feel as though you will be slow longer.
Casting: Foxfire (safe; 1% risk of failure)
Confirm with . or Enter, or press ? or * to list all spells.
You feel a surge of power!
You conjure some foxfire!
The wraith hits you but does no damage.
The foxfire hits the wraith!
The wraith is severely damaged.
The foxfire hits the wraith but does no damage.
The wraith is severely damaged.
The wraith hits you. The wraith hits you but does no damage.
Casting: Foxfire (safe; 1% risk of failure)
Confirm with . or Enter, or press ? or * to list all spells.
You feel a surge of power!
Flames lash the wraith.
The wraith is severely damaged.
The wraith's fire resistance burns away.
The wraith hits you but does no damage.
Casting: Scorch (safe; 1% risk of failure)
Confirm with . or Enter, or press ? or * to list all spells.
You feel a surge of power!
You conjure some foxfire!
The wraith hits you!
* * * LOW HITPOINT WARNING * * *
The wraith drains your vigour!
You feel as though you will be slow longer.
The wraith hits you!
You die...
Your body crumbles into a pile of gold.

........## #..[....#
........# ##.#.....#
.......## ##.##...###
#....<## ##..###.##
##..### ##..## ###
##..## ##..## ####..##
##..### .####..##
##.....###
....###.###.....@v.#
....# ##.#......vW.##
....# ##....#.......#
....###...#.#.......##
...###...###.........#
...###..## ####'##...#
...##..## ##8.8##..#
..##....## ##.....##..
..#..#.>.###8.....8##


You could see a wraith (combustible, ally target).

Vanquished Creatures
  A steam dragon (D:6)
  2 water moccasins
  2 ice beasts
  A sky beast (D:6)
  A phantom (D:4)
  6 scorpions
  5 hounds
  2 jellies
  6 orc priests
  Crazy Yiuf (D:4)
  3 iguanas (D:5)
  Terence (D:2)
  3 orc wizards
  9 adders
  A shadow imp (D:6)
  A worm (D:4)
  3 dart slugs
  15 orcs
  13 ball pythons
  7 endoplasms
  7 giant cockroaches
  8 goblins
  10 hobgoblins
  A jackal (D:4)
  7 kobolds
  4 quokkas
  11 bats
  A frilled lizard (D:1)
  4 rats
136 creatures vanquished.

Vanquished Creatures (collateral kills)
  A foxfire (D:2)
1 creature vanquished.

Vanquished Creatures (others)
  757 foxfires
757 creatures vanquished.

Grand Total: 894 creatures vanquished

Notes
Turn   | Place    | Note
-------+----------+-------------------------------------------
     0 | D:1      | Descartes the Deep Elf Fire Elementalist began the quest
                  | for the Orb.
     0 | D:1      | Reached XP level 1. HP: 10/10 MP: 6/6
   274 | D:1      | Reached XP level 2. HP: 15/15 MP: 5/8
   727 | D:1      | Found Van Icat's Distillery.
   960 | D:1      | Found Agropeg's General Store.
   973 | D:1      | Bought a scroll of identify for 28 gold pieces
  1094 | D:1      | Reached XP level 3. HP: 19/19 MP: 7/10
  1171 | D:1      | Found Sorobroe's Antique Weapon Emporium.
  1321 | D:1      | Found Joose's General Store.
  1463 | D:1      | Found a faded altar of an unknown god.
  1789 | D:2      | Learned a level 2 spell: Scorch
  1793 | D:2      | Learned a level 3 spell: Dazzling Flash
  2444 | D:2      | Reached XP level 4. HP: 24/24 MP: 10/12
  2498 | D:2      | Reached skill level 1 in Hexes
  2690 | D:2      | Learned a level 4 spell: Iskenderun's Mystic Blast
  3160 | D:2      | Noticed Terence
  3174 | D:2      | Killed Terence
  3175 | D:2      | Reached skill level 1 in Translocations
  3377 | D:2      | Reached XP level 5. HP: 11/28 MP: 8/13
  3572 | D:3      | Found a glowing golden altar of the Shining One.
  3976 | D:3      | Identified the +1 ring mail of Iceum {Rampage rC- Str+4
                  | Dex+3}
  5017 | D:4      | Reached XP level 6. HP: 32/32 MP: 8/15
  5198 | D:4      | Identified the ring "Gifeg" {Fire Str+3 SInv}
  5366 | D:4      | Found a runed translucent door.
  5367 | D:4      | Noticed Crazy Yiuf
  5379 | D:4      | Killed Crazy Yiuf
  5380 | D:4      | Reached skill level 5 in Spellcasting
  5659 | D:4      | Reached skill level 1 in Shields
  5845 | D:4      | Found an opulent altar of Gozag.
  5845 | D:4      | Found a shimmering altar of Xom.
  5850 | D:4      | Became a worshipper of Gozag Ym Sagoz the Greedy
  5938 | D:4      | Found a glowing silver altar of Zin.
  6046 | D:4      | Reached XP level 7. HP: 32/36 MP: 9/16
  6104 | D:5      | Entered Level 5 of the Dungeon
  6266 | D:5      | Reached skill level 5 in Fire Magic
  7101 | D:5      | Found a sparkling altar of Nemelex Xobeh.
  7217 | D:5      | Found a staircase to the Ecumenical Temple.
  7226 | Temple   | Entered the Ecumenical Temple
  7226 | Temple   | Found a transporter.
  7226 | Temple   | Found a transporter.
  7228 | Temple   | Found a transporter.
  7228 | Temple   | Found a transporter.
  7361 | D:5      | Reached XP level 8. HP: 39/41 MP: 1/18
  8356 | D:1      | Bought a crude dagger for 119 gold pieces
  8356 | D:1      | Identified the +2 dagger "Lorem Ipsum" {flame, rN+} (You
                  | bought it in a shop on level 1 of the Dungeon)
  8361 | D:1      | Bought a polished hand axe for 136 gold pieces
  8361 | D:1      | Identified the +5 hand axe of Kiudituk {flame, *Slow rPois
                  | Str+5 SInv} (You bought it in a shop on level 1 of the
                  | Dungeon)
  8470 | D:1      | Bought a scroll of blinking for 75 gold pieces
  8470 | D:1      | Bought a potion of lignification for 30 gold pieces
  8470 | D:1      | Bought a potion of degeneration for 10 gold pieces
  8519 | D:1      | Bought a potion of flight for 33 gold pieces
  8519 | D:1      | Bought a potion of curing for 33 gold pieces
  8519 | D:1      | Bought a potion of curing for 33 gold pieces
  8520 | D:1      | Gained mutation: Armour fits poorly on your strangely
                  | shaped body. [potion of mutation]
  8520 | D:1      | Gained mutation: You possess an exceptional clarity of
                  | mind. [potion of mutation]
  8520 | D:1      | Lost mutation: You possess an exceptional clarity of mind.
                  | [potion of mutation]
  8520 | D:1      | Gained mutation: Your spells are a little harder to cast,
                  | but a little more powerful. [potion of mutation]
  8521 | D:1      | Lost mutation: Armour fits poorly on your strangely shaped
                  | body. [potion of mutation]
  8521 | D:1      | Lost mutation: Your spells are a little harder to cast, but
                  | a little more powerful. [potion of mutation]
  8521 | D:1      | Gained mutation: You are clumsy. (Dex -2) [potion of
                  | mutation]
  8521 | D:1      | Gained mutation: You expend magic power (3 MP) to
                  | strengthen your wands. [potion of mutation]
  8521 | D:1      | Gained mutation: Your flesh is cold resistant. (rC+)
                  | [potion of mutation]
  8645 | D:6      | Found a basalt altar of Yredelemnul.
  8777 | D:6      | Identified the +0 falchion of the Seer {vamp, Fly Will+
                  | Str+2}
  9010 | D:6      | Found the amulet of Elemental Vulnerability {rPois rF--
                  | rC-- AC+8}
  9051 | D:6      | Reached skill level 5 in Hexes
  9332 | D:6      | Reached skill level 5 in Conjurations
  9517 | D:6      | Reached skill level 5 in Dodging
  9705 | D:6      | Slain by a wraith

Illustrated notes

Levels and vault maps discovered:
D:1:      tarquinn_simple_flora_water_b, layout_loops_ring,
          hellmonk_ecumenical_altar_defaced_shrine, serial_shops,
          nicolae_shop_crystal, nicolae_shop_trees, shop, shop,
          minmay_hexomino_f4
D:2:      layout_basic, dreamdust_princess_corridor, uniq_terence
D:3:      layout_rooms, mainiacjoe_overflow_alcove_2, serial_aquarium,
          aquarium_bridge_straight [aquarium_subvault_bridge,
          aquarium_subvault_window, aquarium_subvault_bridge,
          aquarium_subvault_wall], aquarium_bridge_square
          [aquarium_subvault_balcony, aquarium_subvault_bridge,
          aquarium_subvault_bridge, aquarium_subvault_balcony],
          aquarium_window_fake, aquarium_window_2, aquarium_window_fake,
          aquarium_view_2a, aquarium_view_2c, aquarium_pool_side,
          minmay_splitting_lines, minmay_joined_circles
D:4:      layout_cave_pools, zin_academy, gammafunk_temple_overflow_statue,
          kennysheep_generic_room_5, uniq_crazy_yiuf_cottage
D:5:      layout_basic, nemelex_xobeh_ov_fountains_minmay,
          minmay_temple_entry_antechambers, minmay_fractal_squares_diagonal_5
D:6:      layout_cave_pods, mainiacjoe_overflow_catwalk, grunt_decor_resistance,
          dk_noncrumbling_4, st_stairs_5, amethyst_killhole
Temple:   hellmonk_temple_divided_pantheon

Skill      XL: |  1  2  3  4  5  6  7  8 |
---------------+-------------------------+-----
Conjurations   | 2 3 4 5 |  5.1
Spellcasting   | 4 5 6 |  6.8
Fire Magic     | 4 5 6 |  6.1
Hexes          | 1 2 3 4 5 |  5.3
Translocations | 1 2 3 4 |  4.5
Dodging        | 3 4 5 |  5.0
Shields        | 1 2 |  2.8
Stealth        | |  2.4

Action                   |  1- 3 |  4- 6 |  7- 9 || total
-------------------------+-------+-------+-------++-------
Melee: Unarmed           |     5 |       |       ||     5
       Quarterstaff      |       |     1 |       ||     1
       Falchion          |       |       |     1 ||     1
 Cast: Foxfire           |   105 |   147 |   198 ||   450
       Scorch            |       |       |     1 ||     1
  Use: Scroll            |       |       |    11 ||    11
       Potion            |       |       |     2 ||     2
Armor: Robe              |     3 |       |       ||     3
       Leather armour    |     2 |    10 |    12 ||    24
Dodge: Dodged            |    17 |    17 |     4 ||    38
